 Dungeon Crawl Stone Soup version 0.21-a0-515-g8d4ebbe (webtiles) character file.

3464 Spazmo the Thaumaturge (level 9, 0/45 HPs)
             Began as a Deep Elf Fire Elementalist on Dec 2, 2017.
             Was a Priest of Sif Muna.
             Slain by Prince Ribbit (13 damage)
             ... on level 6 of the Dungeon.
             The game lasted 00:28:16 (6339 turns).

Spazmo the Thaumaturge (Deep Elf Fire Elementalist) Turns: 6339, Time: 00:28:16

Health: 0/45       AC:  7    Str:  5    XL:     9   Next: 78%
Magic:  1/25       EV: 13    Int: 29    God:    Sif Muna [***...]
Gold:   340        SH:  0    Dex: 15    Spells: 13/28 levels left

rFire    . . .     SeeInvis .   r - +1 short sword (speed)
rCold    . . .     Gourm    .   (no shield)
rNeg     . . .     Faith    .   w - +0 robe {MR+}
rPois    .         Spirit   .   (helmet restricted)
rElec    .         Reflect  .   l - +1 cloak
rCorr    .         Harm     .   A - +0 pair of gloves
MR       +....                  (no boots)
Stlth    ++........             (no amulet)
HPRegen  0.15/turn              (no ring)
MPRegen  0.19/turn              (no ring)

@: brilliant, about to teleport
A: horns 2, thin metallic scales 1
a: Divine Energy, Channel Magic, Renounce Religion


You were on level 6 of the Dungeon.
You worshipped Sif Muna.
Sif Muna was most pleased with you.
You were not hungry.

You visited 2 branches of the dungeon, and saw 8 of its levels.

You collected 340 gold pieces.

Inventory:

Hand Weapons
 d - a +0 blowgun
 r - a +1 short sword of speed (weapon)
 E - a +0 flail of holy wrath
Missiles
 g - 9 poisoned needles
 i - 83 stones (quivered)
Armour
 l - a +1 cloak (worn)
 w - a +0 robe of magic resistance (worn)
 A - a +0 pair of gloves (worn)
Wands
 p - a wand of random effects (36)
 F - a wand of acid (5)
Scrolls
 a - 2 scrolls of identify
 o - a scroll of teleportation
 s - 2 scrolls of remove curse
 t - 3 scrolls of enchant weapon
 y - a scroll of enchant armour
 z - a scroll of magic mapping {unknown}
 B - a scroll of summoning {unknown}
 H - a scroll of vulnerability {unknown}
Potions
 e - a potion of haste {unknown}
 f - 3 potions of flight
 j - a potion of might
 k - 2 potions of magic {unknown}
 n - 5 potions of curing
 v - a potion of mutation
 x - a potion of berserk rage {unknown}
 C - a potion of lignification {unknown}
Books
 b - a book of Flames

   Spells                             Type                      Level
   a - Flame Tongue                   Conjuration/Fire             1
   b - Throw Flame                    Conjuration/Fire             2
   c - Conjure Flame                  Conjuration/Fire             3
   d - Inner Flame                    Hexes/Fire                   3
   e - Sticky Flame                   Conjuration/Fire             4
   f - Fireball                       Conjuration/Fire             5
 G - a book of Battle

   Spells                             Type                      Level
   a - Infusion                       Charms                       1
   b - Shroud of Golubria             Charms/Translocation         2
   c - Song of Slaying                Charms                       2
   d - Spectral Weapon                Hexes/Charms                 3
   e - Regeneration                   Charms/Necromancy            3
Comestibles
 c - 5 bread rations
 h - 4 meat rations
 q - a fruit
 u - a royal jelly


   Skills:
 - Level 3.0 Dodging
 - Level 3.0 Stealth
 + Level 10.4 Spellcasting
 + Level 8.6 Conjurations
 + Level 9.1 Fire Magic
 + Level 3.4 Invocations


You had 13 spell levels left.
You knew the following spells:

 Your Spells              Type           Power        Failure   Level  Hunger
a - Flame Tongue          Conj/Fire      #####        1%          1    None
b - Throw Flame           Conj/Fire      ######       1%          2    None
c - Conjure Flame         Conj/Fire      ######..     1%          3    None
d - Sticky Flame          Conj/Fire      ######..     1%          4    None
e - Fireball              Conj/Fire      ######....   1%          5    ###....


Dungeon Overview and Level Annotations

Branches:
Dungeon (7/15)             Temple (1/1) D:5

Altars:
Ashenzari
Cheibriados
Dithmenos
Elyvilon
Fedhas
Gozag
Hepliaklqana
Makhleb
Nemelex Xobeh
Okawaru
Qazlal
Ru
Sif Muna
Trog
Uskayaw
Vehumet
Wu Jian
Xom
Yredelemnul
Zin
The Shining One

Shops:
D:6 :

Annotations:
D:6 Prince Ribbit


Innate Abilities, Weirdness & Mutations

You have a pair of horns on your head.
You are partially covered in thin metallic scales. (AC +2)


Message History

Press: ? - help, Shift-Dir - straight line, f/p - ice beast
Aim: an ice beast (heavily wounded)
The flame tongue hits the ice beast.
The ice beast melts!
The ice beast is severely wounded.
Prince Ribbit hits you.
Casting: Flame Tongue
Confirm with . or Enter, or press ? or * to list all spells.
Aiming: Flame Tongue
Press: ? - help, Shift-Dir - straight line, f/p - ice beast
Aim: an ice beast (severely wounded)
The flame tongue hits the ice beast.
The ice beast melts!
You kill the ice beast!
Sif Muna accepts your kill. Prince Ribbit hits you!
* * * LOW HITPOINT WARNING * * *
Unknown command.
You feel better. Prince Ribbit barely misses you.
As you read the scroll of teleportation, it crumbles to dust.
You feel strangely unstable. Prince Ribbit hits you!
You die...

#.........# #.........#
#..#####..# #..#)=%#..# #######
#..#(?)#..# #.....# #..#$?$#..##
#.....# #..#####...#
#.....##############...........
#.............@ยง).##..[........
#.....###.###F###.###...)......
#......................(.......
#......#...#...#...#....=......
#.......#...#...#.F.#..........
##.......#...#...#..(#.........
#..##..#...#...#..Y#..(.......
#..##.#...#...#...#...........
#..##.........................


You could see Prince Ribbit.

Vanquished Creatures
  A hydra (D:6)
  A cyclops (D:6)
  Sigmund (D:5)
  An orc warrior (D:6)
  2 sky beasts (D:6)
  An ice beast (D:6)
  A black bear (D:6)
  2 ogres
  2 centaurs
  Blork the orc (D:5)
  A big kobold (D:6)
  A bullfrog (D:6)
  A gnoll sergeant (D:7)
  A scorpion (D:6)
  2 howler monkeys (D:4)
  3 bullfrog zombies
  The ghost of Spazmo the Firebug, a weakling DEFE (D:3)
  2 orc priests
  3 hounds
  A gnoll shaman (D:5)
  A jelly (D:5)
  A bullfrog skeleton (D:6)
  2 centaur skeletons
  3 iguanas
  Terence (D:3)
  Natasha (D:2)
  2 orc wizards
  4 worker ants
  A hound zombie (D:6)
  2 hound skeletons
  A howler monkey zombie (D:7)
  10 adders
  13 gnolls
  2 shadow imps
  An ooze (D:3)
  3 worms
  4 dart slugs
  5 leopard geckos
  15 orcs
  8 bats
  4 giant cockroaches
  5 goblins
  5 hobgoblins
  11 jackals
  4 quokkas
  3 ball pythons
  5 frilled lizards
  13 kobolds
  A quokka skeleton (D:4)
  4 rats
  A butterfly (D:2)
165 creatures vanquished.

Notes
Turn   | Place    | Note
-------+----------+-------------------------------------------
     0 | D:1      | Spazmo the Deep Elf Fire Elementalist began the quest for the Orb.
     0 | D:1      | Reached XP level 1. HP: 10/10 MP: 6/6
   344 | D:1      | Reached XP level 2. HP: 15/15 MP: 5/8
   348 | D:1      | Learned a level 2 spell: Throw Flame
   973 | D:2      | Reached XP level 3. HP: 19/19 MP: 5/9
  1236 | D:2      | Found a shimmering altar of Xom.
  1641 | D:3      | Noticed Natasha
  1645 | D:3      | Noticed Spazmo's ghost (weakling DEFE)
  1651 | D:2      | Killed Natasha
  1651 | D:2      | Reached skill level 4 in Spellcasting
  1651 | D:2      | Reached XP level 4. HP: 24/24 MP: 1/12
  1832 | D:3      | Learned a level 3 spell: Conjure Flame
  1837 | D:3      | Learned a level 4 spell: Sticky Flame
  1941 | D:3      | Reached XP level 5. HP: 28/28 MP: 8/13
  2122 | D:3      | Noticed Terence
  2129 | D:3      | Killed Terence
  2390 | D:3      | Killed Spazmo's ghost
  2390 | D:3      | Reached skill level 5 in Spellcasting
  2563 | D:3      | Found a shattered altar of Ashenzari.
  2879 | D:4      | Reached XP level 6. HP: 32/32 MP: 5/15
  2889 | D:4      | Learned a level 5 spell: Fireball
  3018 | D:4      | Reached skill level 5 in Fire Magic
  3250 | D:4      | Found a sacrificial altar of Ru.
  3295 | D:4      | Reached skill level 6 in Spellcasting
  3508 | D:4      | Reached XP level 7. HP: 36/36 MP: 11/18
  3663 | D:5      | Entered Level 5 of the Dungeon
  3786 | D:5      | Found a staircase to the Ecumenical Temple.
  3797 | Temple   | Entered the Ecumenical Temple
  3852 | Temple   | Became a worshipper of Sif Muna the Loreminder
  3943 | D:5      | Noticed Blork the orc
  3949 | D:5      | Killed Blork the orc
  3949 | D:5      | Reached skill level 5 in Conjurations
  4223 | D:5      | Reached skill level 7 in Spellcasting
  4530 | D:5      | Noticed Sigmund
  4545 | D:5      | Gained mutation: You have a pair of small horns on your head. [potion of mutation]
  4545 | D:5      | Gained mutation: You are partially covered in thin metallic scales. (AC +2) [potion of mutation]
  4545 | D:5      | Gained mutation: You have a pair of horns on your head. [potion of mutation]
  4553 | D:5      | Killed Sigmund
  4553 | D:5      | Reached * piety under Sif Muna
  4553 | D:5      | Reached XP level 8. HP: 41/41 MP: 14/21
  4941 | D:6      | Reached skill level 8 in Spellcasting
  5110 | D:6      | Noticed a six-headed hydra
  5111 | D:6      | Noticed a cyclops
  5121 | D:6      | Found Lukim's Book Shop.
  5223 | D:6      | Reached ** piety under Sif Muna
  5400 | D:6      | Reached skill level 9 in Spellcasting
  5560 | D:7      | Found a sparkling altar of Nemelex Xobeh.
  5601 | D:7      | Reached XP level 9. HP: 30/45 MP: 20/24
  5816 | D:7      | Found an iron altar of Okawaru.
  5817 | D:7      | Found a hazy altar of Hepliaklqana.
  5898 | D:7      | Reached *** piety under Sif Muna
  6194 | D:6      | Killed a six-headed hydra
  6194 | D:6      | Reached skill level 10 in Spellcasting
  6265 | D:6      | Noticed Prince Ribbit
  6315 | D:6      | Killed a cyclops
  6339 | D:6      | Slain by Prince Ribbit

Vault maps used:
D:1:      giann_horns, serial_bayou_pond_e
D:2:      xom_butterflies, minivault_14
D:3:      cheibrodos_ashenzari_chains, uniq_terence, uniq_natasha
D:4:      old_standard_altar, kennysheep_generic_room_7
D:5:      minmay_temple_entry_overgrown, first_bread, nrook_loot_triangle,
          hangedman_abyss_or_decor_passed, uniq_blork_the_orc, uniq_sigmund
D:6:      cheibrodos_fzero, serial_shops, shop, grunt_decor_one_mirror,
          minivault_1, due_unseen_surprise, uniq_prince_ribbit1
D:7:      gammafunk_temple_overflow_forgotten
Temple:   regret_index_temple_waves

Skill      XL: |  1  2  3  4  5  6  7  8  9 |
---------------+----------------------------+-----
Stealth        | 3 |  3.0
Dodging        | 3 |  3.0
Conjurations   | 2 3 4 5 7 8 |  8.6
Spellcasting   | 4 5 6 7 9 10 | 10.4
Fire Magic     | 4 5 6 8 9 |  9.1
Invocations    | 3 |  3.4

Action                   |  1- 3 |  4- 6 |  7- 9 || total
-------------------------+-------+-------+-------++-------
Melee: Dagger            |     1 |       |       ||     1
       Short sword       |       |    22 |     9 ||    31
 Cast: Flame Tongue      |    61 |    99 |   165 ||   325
       Throw Flame       |     4 |    20 |    35 ||    59
       Sticky Flame      |       |     1 |    19 ||    20
       Conjure Flame     |       |     1 |     3 ||     4
       Fireball          |       |       |     2 ||     2
Evoke: Wand              |       |       |     1 ||     1
  Use: Scroll            |     4 |       |     4 ||     8
       Potion            |     2 |     1 |     3 ||     6
 Stab: Sleeping          |     1 |       |       ||     1
  Eat: Chunk             |     2 |     6 |    10 ||    18
Armor: Robe              |     5 |    15 |    40 ||    60
Dodge: Dodged            |    12 |    48 |    62 ||   122

Table legend:
 A = Spawn XP
 B = Non-spawn XP
 C = Spawn XP percentage of total XP
 D = Spawn monster count
 E = Non-spawn monster count
 F = Spawn count percentage of total count
 G = Total turns spent on level
                    A         B        C        D         E        F      G
               +---------+---------+-------+---------+---------+-------+---------
         Total |       0 |    4949 |   0.0 |       0 |     164 |   0.0 |  6339
               +---------+---------+-------+---------+---------+-------+---------
           D:1 |       0 |      27 |   0.0 |       0 |      16 |   0.0 |   900
           D:2 |       0 |      97 |   0.0 |       0 |      23 |   0.0 |   856
           D:3 |       0 |     254 |   0.0 |       0 |      36 |   0.0 |  1072
           D:4 |       0 |     427 |   0.0 |       0 |      14 |   0.0 |   835
           D:5 |       0 |     714 |   0.0 |       0 |      17 |   0.0 |  1042
           D:6 |       0 |    2930 |   0.0 |       0 |      38 |   0.0 |   906
           D:7 |       0 |     500 |   0.0 |       0 |      20 |   0.0 |   596
               +---------+---------+-------+---------+---------+-------+---------
